Map: [ESL] Oceanborn

Players

Has

  • Race: Protoss Protoss
  • Spawn Location: 11:00

Firefly - Winner!

  • Race: Protoss Protoss
  • Spawn Location: 5:00

Event: ESL SC2 Masters 2024 Spring (Regional)

VOD

Have the link to the VOD?

Description

Time

  • Played on: April 21, 2024, 7:14 a.m.
  • Length: 4:45

All games in this series

Show
View Real Time Build Order
Export as new Build Order

Has Protoss 

Build Orders:  

Get SALT Encoding   

  12  0:00  Probe  
  13  0:12  Probe  
  14  0:18  Pylon  
  14  0:24  Probe (Chrono Boost)  
  15  0:37  Gateway  
  15  0:38  Probe (Chrono Boost)  
  15  0:42  Assimilator  
  16  0:44  Probe (Chrono Boost)  
  17  0:55  Probe (Chrono Boost)  
  17  0:56  Assimilator  
  18  1:03  Gateway  
  18  1:07  Probe (Chrono Boost)  
  19  1:16  Probe (Chrono Boost)  
  20  1:21  Probe  
  20  1:24  Cybernetics Core  
  21  1:33  Probe  
  21  1:36  Pylon  
  22  1:45  Probe  
  23  2:03  Pylon  
  23  2:05  Stalker x2  
  26  2:09  Warp Gate  
  26  2:12  Probe  
  27  2:21  Pylon  
  27  2:30  Twilight Council  
  27  2:38  Stalker  
  29  2:45  Stalker  
  31  3:07  Nexus  
  31  3:29  Pylon  
  31  3:31  Shield Battery  
  31  3:38  Shield Battery  
  31  3:48  Gateway  
  29  3:59  Gateway  
  27  4:06  Stalker x2, Shield Battery  
  31  4:14  Shield Battery  
  31  4:24  Gateway  
  31  4:30  Sentry, Stalker  
Show
View Real Time Build Order
Export as new Build Order

Firefly Protoss - Winner!

Build Orders:  

Get SALT Encoding   

  12  0:00  Probe  
  13  0:12  Probe  
  14  0:17  Pylon  
  14  0:24  Probe  
  15  0:35  Gateway  
  15  0:36  Probe (Chrono Boost)  
  16  0:46  Assimilator, Probe (Chrono Boost)  
  17  0:51  Probe (Chrono Boost)  
  17  0:55  Assimilator  
  18  1:03  Probe (Chrono Boost)  
  19  1:04  Pylon  
  19  1:15  Probe (Chrono Boost)  
  20  1:21  Probe (Chrono Boost)  
  20  1:22  Cybernetics Core  
  21  1:29  Probe  
  22  1:41  Probe  
  23  1:53  Probe  
  26  1:59  Warp Gate  
  26  2:02  Robotics Facility  
  24  2:10  Gateway  
  24  2:12  Gateway  
  24  2:15  Adept  
  26  2:22  Pylon  
  26  2:29  Pylon  
  26  2:41  Shield Battery  
  25  2:47  Sentry  
  25  2:48  Immortal (Chrono Boost)  
  31  2:57  Sentry  
  33  3:02  Pylon  
  33  3:12  Sentry  
  35  3:19  Warp Prism (Chrono Boost)  
  37  3:34  Pylon  
  37  3:47  Stalker x2  
  41  3:54  Stalker  
  43  4:18  Stalker x3  
Tags
 
Add a new tag
Caveats
  • Supply blocks, unpowered buildings, or Contaminate may cause inaccurate times.
  • Supply counts are checked every 10 seconds.